 Dungeon Crawl Stone Soup version 0.31-a0-271-gb88eb75e06 (webtiles) character file.

Game seed: 13344882047906432411

39 worthlessgem the Changeling (level 3, 0/28 HPs)
             Began as a Djinni Shapeshifter on July 14, 2023.
             Slain by a gnoll
             ... wielding a +0 club
              (8 damage)
             ... on level 1 of the Dungeon.
             The game lasted 00:05:26 (1356 turns).

worthlessgem the Changeling (Djinni Shapeshifter)   Turns: 1356, Time: 00:05:27

Health: 0/28       AC:  2    Str: 14    XL:     3   Next: 67%
Gold:   26         EV: 12    Int: 11    God:
                   SH:  0    Dex: 13

rFire   + +          .
                       - Unarmed
rCold   x . .        (no shield)
rNeg    . . .        a - +0 animal skin
rPois   ∞            g - melded +0 helmet {Int+3}
rElec   .            (cloak currently unavailable)
rCorr   .            (gloves currently unavailable)
SInv    .            (boots unavailable)
Will    .....        (no amulet)
Stlth   +            (no ring)
HPRegen 0.24/turn    (no ring)
MPRegen 0.00/turn

%: infuse magic (-1 HP)
@: beast-form, flying
A: beast (slay +2), flying, sickness immunity, fire resistance 2, cold
vulnerability 1, float, innate caster, HP casting, extra vitality 1
a: Begin Untransformation


You were on level 1 of the Dungeon.
You were a hulking beast.
You visited 1 branch of the dungeon, and saw 2 of its levels.

You collected 26 gold pieces.

Inventory:

Missiles
 h - 14 stones
Armour
 a - a +0 animal skin (worn)
 g - a +0 helmet of intelligence (melded)
Jewellery
 l - an amulet of faith
Talismans
 c - a beast talisman
Scrolls
 d - 3 scrolls of acquirement {unknown}
 j - a scroll of identify {unknown}
 k - a scroll of fear {unknown}
Potions
 b - a potion of lignification
 e - a potion of magic {unknown}
 f - a potion of curing {unknown}
 i - a potion of resistance {unknown}


   Skills:
 - Level 2.0 Fighting
 - Level 2.1 Dodging
 + Level 3.0 Unarmed Combat
 + Level 3.2 Shapeshifting


You knew the following spells:

 Your Spells              Type           Power      Damage    Failure   Level
a - Necrotise             Necr           0%         1d4       34%         1
Your spell library was empty.

Dungeon Overview and Level Annotations

Branches:
Dungeon (2/15)

Altars:

Shops:
D:1 ?


Innate Abilities, Weirdness & Mutations

You are a hulking beast.
Your limbs bulge with bestial killing power. (Slay +2)
You are flying.
You are immune to sickness and miasma.
You are immune to poison.
Your flesh is very heat resistant. (rF++)
You are vulnerable to cold. (rC-)
You float through the air rather than walking.
You learn spells naturally, not from books.
Your magical power is your life essence.
You have superior vitality. (+4 MHP)


Message History

You hit the hobgoblin.
The hobgoblin is lightly wounded.
The hobgoblin closely misses you.
You hit the hobgoblin.
The hobgoblin is almost dead.
You closely miss the hobgoblin.
The hobgoblin is almost dead.
The hobgoblin misses you.
You closely miss the hobgoblin.
The hobgoblin is almost dead.
The hobgoblin misses you.
You hit the hobgoblin.
You kill the hobgoblin!
No target in view!
The gnoll shouts!
Found a scroll labelled VIBOROELING.
There is a stone staircase leading up here.
The gnoll hits you with a +0 club.
You fly upwards.
There is a stone staircase leading down here.
You hit the gnoll.
The gnoll is lightly wounded.
The gnoll barely misses you.
You hit the gnoll.
The gnoll is heavily wounded.
The gnoll hits you but does no damage.
You hit the gnoll.
The gnoll is heavily wounded.
The gnoll hits you with a +0 club.
You barely miss the gnoll.
The gnoll is heavily wounded.
The gnoll hits you with a +0 club. The gnoll attacks as you move away!
The gnoll hits you with a +0 club. The gnoll attacks as you move away!
The gnoll hits you with a +0 club.
* * * LOW HITPOINT WARNING * * *
You are too injured to fight recklessly!
You are too injured to fight recklessly!
Okay, then.
The gnoll attacks as you move away! The gnoll hits you with a +0 club!
You die...

......#.....#....# #.#.#
#######.....#....# #.#.#
#.....#....######.#.#
####.....#...........#.#
##........#...^########.#
#...).....##.......#
#.######
#....#####.#...###.#
#.)....# #....# #.##..#
#.# #####.## #....#
#.##.h# #.# #.# #....#
#.###g###.########.#
###....# #.#
#..............# .......#
#.###.###.##########
....#### #.#...>##.#####
....# #.#.#.........#
....# #.#.##.##.###.#
....# #.#.........#.#
....# #.####.###..#.#


You could see a gnoll.

Vanquished Creatures
  A worm (D:2)
  A dart slug (D:2)
  6 bats
  4 endoplasms (D:1)
  2 hobgoblins
  2 jackals (D:2)
  4 kobolds
  3 quokkas
  2 ball pythons (D:1)
  2 frilled lizards (D:1)
  4 rats (D:1)
31 creatures vanquished.

Notes
Turn   | Place    | Note
-------+----------+-------------------------------------------
     0 | D:1      | worthlessgem the Djinni Shapeshifter began the quest for
                  | the Orb.
     0 | D:1      | Reached XP level 1. HP: 18/18 MP: 0/0
   158 | D:1      | Found Funk's Magic Scroll Boutique.
   370 | D:1      | Reached XP level 2. HP: 23/23 MP: 0/0
   430 | D:1      | Found a faded altar of an unknown god.
   755 | D:1      | Reached XP level 3. HP: 28/28 MP: 0/0
   755 | D:1      | Learned a level 1 spell: Necrotise
  1356 | D:1      | Slain by a gnoll

Illustrated notes

Levels and vault maps discovered:
D:1:      minmay_arrival_nine_rooms, layout_basic,
          hellmonk_ecumenical_altar_zigzags, serial_shops, shop
D:2:      layout_loops_ring

Skill      XL: |  1  2  3 |
---------------+----------+-----
Shapeshifting  | 3 |  3.2
Unarmed Combat | 3 |  3.0
Fighting       | |  2.0
Dodging        | |  2.1

Action                     || total
---------------------------++-------
  Melee: Unarmed           ||   103
         Punch             ||     3
  Throw: Stone             ||     1
   Cast: Necrotise         ||     2
Ability: Begin Untransform ||     1
   Stab: Sleeping          ||     2
 Armour: Animal skin       ||    24
  Dodge: Dodged            ||    85
   Form: Beast             ||     1

Table legend: (Time is in decaauts)
 A = Elapsed time spent in this place.
 B = Non-inter-level travel time spent in this place.
 C = Inter-level travel time spent in this place.
 D = Time resting spent in this place.
 E = Time spent auto-exploring this place.
 F = Levels seen in this place.
 G = Mean time per level.
                   A        B        C        D        E       F      G
               +--------+--------+--------+--------+--------+-----+--------+
         Total |   1353 |   1254 |     99 |      8 |    832 |   2 |  676.5 |
       Dungeon |   1353 |   1254 |     99 |      8 |    832 |   2 |  676.5 |
               +--------+--------+--------+--------+--------+-----+--------+

Top non-repeatable levels by time:
     D:1: 1052 daAuts
     D:2: 300 daAuts
